 Dungeon Crawl Stone Soup version 0.29.1-15-g9cfb28693d (webtiles) character file.

Game seed: 13023272614189494155

511 promet the Cruncher (level 7, -7/60 HPs)
             Began as a Gnoll Wanderer on Mar 13, 2023.
             Was an Initiate of Gozag.
             Mangled by a gnoll
             ... wielding a +0 halberd
              (11 damage)
             ... on level 5 of the Dungeon.
             The game lasted 00:22:10 (5677 turns).

promet the Cruncher (Gnoll Wanderer)                Turns: 5677, Time: 00:22:12

Health: -7/60      AC:  6    Str: 10    XL:     7   Next: 19%
Magic:  10/10      EV: 12    Int: 12    God:    Gozag
Gold:   334        SH:  0    Dex: 14    Spells: 8/10 levels left

rFire   . . .      SeeInvis .   a - +4 quarterstaff
rCold   . . .      Faith    .   (shield currently unavailable)
rNeg    . . .      Spirit   .   d - +0 leather armour
rPois   .          Reflect  .   q - +1 helmet
rElec   .          Harm     .   (no cloak)
rCorr   .          Rampage  .   s - +0 pair of gloves
Will    +....                   (no boots)
Stlth   ++........              (no amulet)
HPRegen 0.20/turn               i - ring of willpower
MPRegen 0.12/turn               u - ring of wizardry

@: no status effects
A: fangs 1, strong nose, distributed training
a: Renounce Religion, Potion Petition, Call Merchant, Bribe Branch


You were on level 5 of the Dungeon.
You worshipped Gozag.
Gozag was aware of your devotion.
You visited 1 branch of the dungeon, and saw 5 of its levels.

You collected 387 gold pieces.
You paid 53 gold pieces to Gozag.

Inventory:

Hand Weapons
 a - a +4 quarterstaff (weapon)
 b - a +0 sling
 j - a +0 spear
Missiles
 h - 18 poisoned darts
 n - 5 stones (quivered)
Armour
 d - a +0 leather armour (worn)
 g - a +0 pair of gloves
 q - a +1 helmet (worn)
 r - a +0 chain mail
 s - a +0 pair of gloves (worn)
Jewellery
 i - a ring of willpower (left hand)
 p - a ring of see invisible
 u - a ring of wizardry (right hand)
Wands
 x - a wand of iceblast (8)
Scrolls
 c - 2 scrolls of silence
 m - 2 scrolls of teleportation
 t - a scroll of enchant weapon
 w - a scroll of magic mapping
Potions
 e - a potion of lignification
 f - 5 potions of curing
 k - 2 potions of heal wounds {unknown}
 l - a potion of degeneration {unknown}
 o - a potion of might
 v - a potion of ambrosia {unknown}


   Skills:
 + Level 7.0 Fighting
 + Level 2.4 Short Blades
 + Level 2.4 Long Blades
 + Level 2.4 Axes
 + Level 2.4 Maces & Flails
 + Level 7.0 Polearms
 + Level 8.9 Staves
 + Level 2.4 Ranged Weapons
 + Level 2.4 Throwing
 + Level 2.4 Armour
 + Level 2.4 Dodging
 + Level 2.4 Stealth
 + Level 2.4 Shields
 + Level 2.4 Unarmed Combat
 + Level 2.4 Spellcasting
 + Level 2.0 Conjurations
 + Level 2.0 Hexes
 + Level 2.0 Summonings
 + Level 2.0 Necromancy
 + Level 2.0 Translocations
 + Level 2.0 Transmutations
 + Level 2.0 Fire Magic
 + Level 2.0 Ice Magic
 + Level 2.0 Air Magic
 + Level 2.0 Earth Magic
 + Level 2.0 Poison Magic
 + Level 2.7 Invocations
 + Level 2.4 Evocations


You had 8 spell levels left.
You knew the following spells:

 Your Spells              Type           Power      Damage    Failure   Level
a - Static Discharge      Conj/Air       6%         3-4/arc   9%          2

Your spell library contained the following spells:

 Spells                   Type           Power      Damage    Failure   Level
 Inner Flame              Hex/Fire       6%         N/A       17%         3
 Cause Fear               Hex            3%         N/A       50%         4
 Dispel Undead            Necr           6%         3d8       50%         4
 Sticky Flame             Conj/Fire      6%         2d3       50%         4
 Discord                  Hex            3%         N/A       100%        8


Dungeon Overview and Level Annotations

Branches:
Dungeon (5/15)
 Temple: D:4-7

Altars:
Cheibriados
Elyvilon
Gozag
Hepliaklqana
Uskayaw
Zin

Shops:
D:4 *   D:5 =


Innate Abilities, Weirdness & Mutations

You have very sharp teeth.
Your uncanny sense of smell can sniff out nearby items.
Your experience applies equally to all skills.


Message History

A gnoll comes into view. It is wielding a +0 halberd.
You see here a book of Hexes.
A gnoll comes into view. It is wielding a +0 halberd.
A gnoll comes into view. It is wielding a +0 spear.
A quokka comes into view.
The gnoll shouts! x2
The quokka twitches its whiskers.
You see here a book of Hexes.
You pick up a book of Hexes and begin reading...
You add the spells Inner Flame, Cause Fear and Discord to your library.
The gnoll closely misses you.
The gnoll hits you from afar with a +0 halberd.
There is a stone staircase leading up here.
The gnoll closely misses you.
You climb upwards.
There is a stone staircase leading down here.
HP restored.
There is a stone staircase leading down here.
You climb downwards.
There is a stone staircase leading up here.
The gnoll hits you from afar with a +0 halberd!
The gnoll hits you from afar with a +0 spear.
The gnoll hits you from afar with a +0 spear.
The quokka barely misses you. The gnoll hits you with a +0 halberd!
The gnoll hits you from afar with a +0 halberd!
The gnoll splashes around in the water.
The quokka bites you. The gnoll barely misses you.
The quokka attacks as you move away! The quokka closely misses you.
The gnoll hits you with a +0 halberd!
* * * LOW HITPOINT WARNING * * *
The gnoll hits you from afar with a +0 halberd!
* * * LOW HITPOINT WARNING * * *
There is a stone staircase leading up, spattered with blood here.
The quokka closely misses you. The gnoll hits you but does no damage.
The quokka barely misses you.
The gnoll hits you from afar with a +0 halberd.
* * * LOW HITPOINT WARNING * * *
The gnoll hits you from afar with a +0 halberd!
You die...
Your body crumbles into a pile of gold.

#####.#.##.......#~#
#....
#........#..#~#.##
......
###.###.......#~#.#
##.....
##...~~.#≈....##~# #
#....#
#~..#~≈.#.~#<.# ~#
###...
#~~~#..≈#♣....# #...
###..~♣~~~.~♣ggg#
...
#..≈~~..#♣..~.r.# .
#.#~.~~~~..~~.@.# .
#.#~..~..~~~~...# .
#.#~#.♣~....~...# .
#.#♣##~≈#..~....# .
##.#####~.~......# .
#>....#..........# .
#................# .
#.......#......#.# .
#...##..###.# ..# .


You could see 3 gnolls and a quokka.

Vanquished Creatures
  A phantom (D:5)
  A necrophage (D:5)
  An orc priest (D:4)
  2 iguanas
  2 orc wizards
  5 gnolls
  10 adders
  6 dart slugs
  7 orcs
  9 endoplasms
  2 giant cockroaches
  6 goblins
  11 hobgoblins
  2 jackals (D:2)
  11 kobolds
  4 quokkas (D:2)
  4 ball pythons
  3 bats
  6 frilled lizards
  9 rats
102 creatures vanquished.

Notes
Turn   | Place    | Note
-------+----------+-------------------------------------------
     0 | D:1      | promet the Gnoll Wanderer began the quest for the Orb.
     0 | D:1      | promet set off with the following items: a +3 quarterstaff,
                  | a +0 spear, a scroll of silence, a +0 leather armour.
     0 | D:1      | Reached XP level 1. HP: 23/23 MP: 1/1
    45 | D:1      | Reached XP level 2. HP: 25/29 MP: 2/2
   659 | D:1      | Reached XP level 3. HP: 32/35 MP: 3/3
  1230 | D:1      | Reached skill level 1 in Invocations
  1735 | D:2      | Reached skill level 1 in Short Blades
  1735 | D:2      | Reached skill level 1 in Long Blades
  1735 | D:2      | Reached skill level 1 in Axes
  1735 | D:2      | Reached skill level 1 in Maces & Flails
  1735 | D:2      | Reached skill level 1 in Ranged Weapons
  1735 | D:2      | Reached skill level 1 in Throwing
  1735 | D:2      | Reached skill level 1 in Armour
  1735 | D:2      | Reached skill level 1 in Dodging
  1735 | D:2      | Reached skill level 1 in Stealth
  1735 | D:2      | Reached skill level 1 in Shields
  1735 | D:2      | Reached skill level 1 in Unarmed Combat
  1735 | D:2      | Reached skill level 1 in Spellcasting
  1735 | D:2      | Reached skill level 1 in Evocations
  1964 | D:2      | Reached XP level 4. HP: 41/41 MP: 5/5
  2276 | D:2      | Reached skill level 1 in Conjurations
  2276 | D:2      | Reached skill level 1 in Hexes
  2276 | D:2      | Reached skill level 1 in Summonings
  2276 | D:2      | Reached skill level 1 in Necromancy
  2276 | D:2      | Reached skill level 1 in Translocations
  2276 | D:2      | Reached skill level 1 in Transmutations
  2276 | D:2      | Reached skill level 1 in Fire Magic
  2276 | D:2      | Reached skill level 1 in Ice Magic
  2276 | D:2      | Reached skill level 1 in Air Magic
  2276 | D:2      | Reached skill level 1 in Earth Magic
  2276 | D:2      | Reached skill level 1 in Poison Magic
  2558 | D:2      | Learned a level 2 spell: Static Discharge
  2570 | D:2      | Found a snail-covered altar of Cheibriados.
  2812 | D:2      | Reached XP level 5. HP: 31/47 MP: 7/7
  3628 | D:3      | Found a faded altar of an unknown god.
  4208 | D:4      | Found an opulent altar of Gozag.
  4234 | D:4      | Became a worshipper of Gozag Ym Sagoz the Greedy
  4242 | D:4      | Found a white marble altar of Elyvilon.
  4324 | D:4      | Reached XP level 6. HP: 42/53 MP: 8/8
  4535 | D:4      | Found a hide-covered altar of Uskayaw.
  5037 | D:4      | Found Foigaisu's Mayhem Merchandise.
  5157 | D:5      | Entered Level 5 of the Dungeon
  5173 | D:5      | Found a glowing silver altar of Zin.
  5242 | D:5      | Reached XP level 7. HP: 51/60 MP: 10/10
  5434 | D:5      | Found a hazy altar of Hepliaklqana.
  5465 | D:5      | Found Arphed's Jewellery Boutique.
  5677 | D:5      | Mangled by a gnoll

Illustrated notes

Levels and vault maps discovered:
D:1:      nicolae_arrival_washed_ashore, layout_loops_cross
D:2:      layout_basic, basic_altar, minmay_bisected
D:3:      layout_loops_corners, basic_ecumenical_altar
D:4:      layout_basic, nicolae_gozag_seed_capital, kennysheep_little_box,
          nicolae_uskayaw_murder_on_the_dancefloor, corexii_leaking_fountain,
          nrook_loot_triangle, minmay_shop_mayhem
D:5:      layout_cave_pools, nicolae_hepliaklqana_hippocampus,
          mainiacjoe_overflow_small_starburst, serial_rivers,
          chequers_serial_rivers_micro_c, chequers_serial_rivers_small_3,
          chequers_serial_rivers_large_a, chequers_serial_rivers_marsh,
          chequers_serial_rivers_micro_e, chequers_serial_rivers_large_b,
          minmay_shop_enchanted_jewellery

Skill      XL: |  1  2  3  4  5  6  7 |
---------------+----------------------+-----
Invocations    | 1 2 |  2.7
Short Blades   | 1 2 |  2.4
Long Blades    | 1 2 |  2.4
Axes           | 1 2 |  2.4
Maces & Flails | 1 2 |  2.4
Ranged Weapons | 1 2 |  2.4
Throwing       | 1 2 |  2.4
Armour         | 1 2 |  2.4
Dodging        | 1 2 |  2.4
Stealth        | 1 2 |  2.4
Shields        | 1 2 |  2.4
Unarmed Combat | 1 2 |  2.4
Spellcasting   | 1 2 |  2.4
Evocations     | 1 2 |  2.4
Conjurations   | 1 2 |  2.0
Hexes          | 1 2 |  2.0
Summonings     | 1 2 |  2.0
Necromancy     | 1 2 |  2.0
Translocations | 1 2 |  2.0
Transmutations | 1 2 |  2.0
Fire Magic     | 1 2 |  2.0
Ice Magic      | 1 2 |  2.0
Air Magic      | 1 2 |  2.0
Earth Magic    | 1 2 |  2.0
Poison Magic   | 1 2 |  2.0
Fighting       | 7 |  7.0
Polearms       | 7 |  7.0
Staves         | |  8.9

Action                   |  1- 3 |  4- 6 |  7- 9 || total
-------------------------+-------+-------+-------++-------
Melee: Quarterstaff      |    54 |   172 |     8 ||   234
       Bite              |     2 |    19 |     1 ||    22
 Fire: Sling             |     2 |       |       ||     2
Throw: Dart              |     2 |       |       ||     2
       Stone             |       |     6 |    10 ||    16
  Use: Potion            |     2 |     1 |       ||     3
       Scroll            |     4 |     6 |       ||    10
 Stab: Sleeping          |     2 |     1 |       ||     3
Armor: Leather armour    |    15 |    42 |     6 ||    63
Dodge: Dodged            |    13 |    67 |     8 ||    88
